Map: Alcyone LE

Players

ShoWTimE

  • Race: Protoss Protoss
  • League: Master
  • Spawn Location: 1:00

Fjant - Winner!

  • Race: Zerg Zerg
  • League: Grandmaster
  • Spawn Location: 7:00

VOD

Have the link to the VOD?

Description

Time

  • Played on: July 15, 2024, 12:49 p.m.
  • Length: 10:23
Show
View Real Time Build Order
Export as new Build Order

ShoWTimE Protoss 

Build Orders: 1 Gate Expand, Oracle Opening, Phoenix Opening 

Get SALT Encoding   

  12  0:00  Probe  
  13  0:12  Probe  
  14  0:19  Pylon  
  14  0:24  Probe (Chrono Boost)  
  15  0:37  Probe (Chrono Boost)  
  15  0:39  Gateway  
  16  0:45  Probe (Chrono Boost)  
  16  0:46  Assimilator  
  17  0:51  Probe  
  18  1:03  Probe  
  19  1:15  Probe  
  20  1:23  Nexus  
  20  1:32  Cybernetics Core  
  20  1:34  Probe  
  21  1:40  Assimilator  
  21  1:46  Probe  
  22  1:50  Pylon  
  22  1:58  Probe  
  23  2:05  Adept (Chrono Boost)  
  25  2:10  Probe  
  26  2:18  Stargate  
  26  2:22  Probe  
  27  2:28  Adept  
  29  2:33  Warp Gate  
  29  2:34  Probe (Chrono Boost)  
  31  2:40  Probe (Chrono Boost)  
  31  2:44  Probe (Chrono Boost)  
  32  2:48  Probe (Chrono Boost)  
  32  2:49  Probe (Chrono Boost)  
  34  2:58  Probe  
  34  3:01  Phoenix (Chrono Boost), Pylon, Probe  
  38  3:06  Adept  
  38  3:10  Probe  
  41  3:13  Probe  
  42  3:20  Oracle (Chrono Boost)  
  42  3:23  Probe  
  42  3:25  Probe  
  47  3:28  Gateway  
  47  3:30  Pylon  
  47  3:35  Probe  
  47  3:37  Probe  
  49  3:50  Nexus  
  49  3:51  Oracle (Chrono Boost)  
  52  3:56  Probe  
  52  4:02  Pylon  
  53  4:08  Probe x2  
  55  4:10  Twilight Council  
  55  4:14  Gateway  
  55  4:18  Gateway  
  55  4:20  Probe  
  55  4:21  Probe  
  57  4:30  Assimilator  
  57  4:32  Assimilator, Probe  
  57  4:33  Probe, Adept  
  57  4:36  Adept  
  63  4:41  Pylon, Resonating Glaives (Chrono Boost)  
  63  4:45  Probe x2  
  65  4:56  Adept x2  
  65  4:57  Probe  
  71  5:00  Probe  
  71  5:03  Forge  
  71  5:06  Probe  
  72  5:09  Probe  
  72  5:12  Probe  
  71  5:14  Adept x2  
  71  5:19  Shield Battery  
  71  5:21  Adept x2  
  79  5:22  Probe  
  79  5:23  Probe  
  79  5:25  Probe  
  82  5:32  Protoss Ground Weapons Level 1 (Chrono Boost)  
  82  5:34  Probe  
  80  5:39  Adept x2  
  80  5:41  Adept  
  80  5:42  Adept  
  88  5:45  Probe  
  88  5:47  Probe  
  88  5:49  Pylon  
  90  5:50  Probe  
  90  5:51  Blink (Chrono Boost)  
  92  5:57  Probe  
  92  6:05  Pylon  
  92  6:06  Pylon  
  86  6:15  Stalker x4  
  88  6:28  Shield Battery  
  88  6:32  Shield Battery  
  80  6:33  Pylon  
  74  6:41  Stalker x4  
  74  6:45  Robotics Facility, Photon Cannon  
  80  6:47  Pylon  
  80  6:48  Gateway  
  80  6:50  Gateway  
  80  6:56  Gateway  
  80  6:58  Gateway, Probe  
  81  7:03  Shield Battery  
  81  7:05  Stalker x4  
  89  7:17  Pylon  
  89  7:25  Photon Cannon  
  89  7:26  Photon Cannon  
  89  7:27  Shield Battery  
  89  7:30  Stalker x4  
  93  7:44  Shield Battery  
  83  7:46  Shield Battery  
  83  7:51  Stalker x3  
  70  7:53  Stalker x2  
  69  8:00  Probe  
  69  8:01  Probe  
  63  8:05  Stalker x2  
  63  8:11  Stalker  
  66  8:20  Stalker x2  
  70  8:30  Adept x3  
  70  8:32  Probe x2  
  67  8:35  Adept  
  67  8:40  Adept  
  71  8:45  Adept  
  71  8:50  Stalker  
  71  8:54  Stalker  
  63  9:05  Pylon  
  61  9:10  Stalker x2  
  61  9:13  Zealot  
  63  9:27  Stalker x2  
  63  9:31  Stalker  
  69  9:32  Probe  
  69  9:37  Stalker  
  70  9:43  Adept  
  70  9:47  Adept  
  64  9:55  Adept  
  59  10:02  Stalker  
  59  10:05  Stalker  
  59  10:13  Stalker x2  
Show
View Real Time Build Order
Export as new Build Order

Fjant Zerg - Winner!

Build Orders: Hatch First 

Get SALT Encoding   

  12  0:00  Drone  
  13  0:12  Overlord  
  13  0:16  Drone  
  14  0:30  Drone x2  
  16  0:47  Hatchery  
  15  0:50  Drone  
  15  0:54  Drone  
  17  0:57  Drone  
  18  1:08  Extractor  
  17  1:12  Spawning Pool  
  17  1:15  Drone  
  17  1:18  Drone  
  18  1:29  Drone  
  19  1:41  Drone  
  20  1:49  Drone  
  21  1:59  Queen  
  21  2:01  Queen  
  23  2:02  Zergling x4  
  27  2:14  Metabolic Boost  
  27  2:18  Drone  
  28  2:30  Hatchery  
  28  2:31  Overlord  
  28  2:33  Drone  
  28  2:50  Zergling x4  
  28  2:51  Overlord  
  29  2:52  Drone x2  
  29  2:53  Queen  
  29  2:55  Drone  
  34  3:05  Drone  
  34  3:09  Queen  
  37  3:18  Drone x6  
  43  3:21  Overlord  
  43  3:26  Overlord  
  43  3:29  Overlord  
  43  3:41  Queen  
  43  3:46  Drone x2  
  43  3:47  Queen  
  49  3:54  Drone  
  50  3:59  Drone x6  
  56  4:03  Drone  
  57  4:10  Drone  
  57  4:12  Roach Warren, Spore Crawler  
  57  4:13  Drone x4  
  57  4:17  Queen  
  60  4:20  Drone x2  
  62  4:29  Drone  
  62  4:30  Drone x3  
  66  4:36  Extractor  
  66  4:38  Extractor, Spore Crawler  
  64  4:42  Drone x3  
  64  4:44  Spore Crawler  
  65  4:46  Zergling x2  
  65  4:48  Overlord  
  65  4:49  Overlord  
  65  4:55  Overlord  
  65  4:56  Zergling x2  
  66  5:01  Lair  
  66  5:13  Zergling x6  
  67  5:14  Drone x3  
  67  5:15  Drone x3  
  67  5:18  Pneumatized Carapace  
  67  5:20  Queen  
  75  5:22  Drone x2  
  76  5:35  Overlord  
  74  5:37  Roach x5  
  74  5:40  Roach  
  74  5:42  Overlord  
  86  5:43  Overlord  
  86  5:46  Roach  
  86  5:47  Roach  
  90  5:55  Queen  
  92  5:58  Roach x3  
  92  6:03  Glial Reconstitution  
  98  6:05  Zergling x12  
  100  6:13  Roach x5  
  100  6:18  Drone  
  103  6:30  Zergling x2  
  103  6:31  Zergling x8  
  106  6:41  Zergling x8  
  110  6:53  Zergling x8  
  114  6:55  Overlord x2  
  114  6:56  Overlord  
  114  7:00  Overlord  
  114  7:07  Overlord  
  114  7:09  Overlord  
  114  7:11  Overlord  
  114  7:13  Overlord  
  114  7:14  Ravager x3  
  116  7:15  Zergling x2  
  112  7:28  Zergling x16  
  111  7:34  Zergling x2  
  111  7:35  Zergling x2  
  105  7:38  Zergling x2  
  105  7:39  Queen  
  105  7:40  Zergling x2  
  105  7:41  Zergling x4  
  103  7:45  Zergling x8  
  103  7:50  Zergling x4  
  101  7:52  Roach  
  103  8:02  Roach x2  
  103  8:03  Roach  
  103  8:11  Evolution Chamber, Drone x2  
  102  8:14  Overlord  
  102  8:17  Drone  
  99  8:26  Zergling x10  
  89  8:37  Roach x2  
  89  8:41  Roach  
  93  8:43  Roach x4  
  97  8:48  Zergling x2  
  97  8:53  Zergling x2  
  97  8:55  Zergling x2  
  92  8:57  Ravager, Queen  
  92  9:00  Zergling x2  
  89  9:03  Ravager  
  89  9:04  Ravager x6  
  89  9:07  Zergling x6  
  98  9:12  Ravager  
  98  9:14  Queen x2, Zergling x2  
  98  9:15  Overseer  
  101  9:20  Zergling x4  
  101  9:24  Zergling x2  
  104  9:27  Zergling x10  
  104  9:30  Roach x3  
  113  9:33  Queen  
  109  9:39  Roach x2  
  109  9:41  Zergling x2  
  109  9:46  Zergling x2  
  109  9:49  Zergling x2  
  106  9:53  Zergling x2  
  106  9:56  Roach x6  
  106  9:59  Roach  
  117  10:01  Roach  
Tags
 
Add a new tag
Caveats
  • Supply blocks, unpowered buildings, or Contaminate may cause inaccurate times.
  • Supply counts are checked every 10 seconds.